 Dungeon Crawl Stone Soup version 0.29-a0-789-g7a8fcbc185 (webtiles) character file.

Game seed: 7470719250968663658

19 dracfodder the Digger (level 2, -3/15 HPs)
             Began as a Gargoyle Earth Elementalist on July 2, 2022.
             Slain by Terence
             ... wielding a +0 trident
              (10 damage)
             ... on level 2 of the Dungeon.
             The game lasted 00:04:34 (1106 turns).

dracfodder the Digger (Gargoyle Earth Elementalist) Turns: 1106, Time: 00:04:35

Health: -3/15      AC:  4    Str: 11    XL:     2   Next: 75%
Magic:  1/5        EV: 11    Int: 15    God:
Gold:   37         SH:  0    Dex: 10    Spells: 2/5 levels left

rFire   . . .      SeeInvis .   g - +0 sling
rCold   . . .      Faith    .   (no shield)
rNeg    + . .      Spirit   .   a - +0 robe
rPois   ∞          Reflect  .   (no helmet)
rElec   +          Harm     .   (no cloak)
rCorr   .          Rampage  .   (no gloves)
Will    .....                   (no boots)
Stlth   ++........              (no amulet)
HPRegen 0.05/turn               (no ring)
MPRegen 0.09/turn               (no ring)

@: no status effects
A: sickness immunity, AC +2, negative energy resistance 1, electricity
resistance, torment resistance 1, petrification resistance
a: no special abilities


You were on level 2 of the Dungeon.
You visited 1 branch of the dungeon, and saw 2 of its levels.

You collected 37 gold pieces.

Inventory:

Hand Weapons
 e - a +0 whip
 g - a +0 sling (weapon)
Armour
 a - a +0 robe (worn)
Scrolls
 c - a scroll of identify
 h - a scroll of fear
Potions
 b - a potion of magic
 d - a potion of might
 f - 2 potions of mutation {unknown}


   Skills:
 + Level 0.3 Ranged Weapons
 + Level 1.5 Dodging
 + Level 2.2 Stealth
 + Level 2.4 Spellcasting
 + Level 0.7 Transmutations
 + Level 4.2 Earth Magic


You had 2 spell levels left.
You knew the following spells:

 Your Spells              Type           Power      Damage    Failure   Level
a - Sandblast             Erth           28%        2d8       3%          1
b - Passwall              Tmut/Erth      7%         N/A       12%         2

Your spell library contained the following spells:

 Spells                   Type           Power      Damage    Failure   Level
 Stone Arrow              Conj/Erth      16%        3d8       26%         3
 Summon Guardian Golem    Hex/Summ       1%         N/A       54%         3
 Petrify                  Tmut/Erth      9%         N/A       58%         4
 Orb of Destruction       Conj           0%         9d5       100%        7
 Spellforged Servitor     Conj/Summ      0%         N/A       100%        7


Dungeon Overview and Level Annotations

Branches:
Dungeon (2/15)

Altars:

Annotations:
D:2 Terence


Innate Abilities, Weirdness & Mutations

You are immune to sickness and miasma.
Your stone body is resilient. (AC +2)
You are immune to poison.
You resist negative energy. (rN+)
You are resistant to electric shocks. (rElec)
You are resistant to unholy torment.
You are immune to petrification.


Message History

h - a scroll of fear
Found a stone staircase leading up.
You pick up a book of Dangerous Friends and begin reading...
You add the spells Summon Guardian Golem, Orb of Destruction and Spellforged Servitor to your library.
Magic restored.
You now have 37 gold pieces (gained 6).
Found a stone staircase leading down.
Found a stone staircase leading up.
Terence the Incautious comes into view.
He is wielding a +0 trident and carrying a wand of roots (8).
Aiming: Sandblast (safe; 3% risk of failure)
Press: ? - help, Q - select action, (/) - cycle Shift-Dir - straight line, f - you That would be overly suicidal.
Okay, then.
You shoot a sling bullet.
Terence shouts!
The sling bullet hits Terence but does no damage.
Unknown command.
Aiming: Sandblast (safe; 3% risk of failure)
Press: ? - help, Q - select action, (/) - cycle Shift-Dir - straight line, f/p - Terence
Aim: Terence, wielding a +0 trident, wearing a +0 scale mail and carrying a wand of roots (8) (82% to hit)
The blast of sand hits Terence but does no damage.
Aiming: Sandblast (safe; 3% risk of failure)
Press: ? - help, Q - select action, (/) - cycle Shift-Dir - straight line, f/p - Terence
Aim: Terence, wielding a +0 trident, wearing a +0 scale mail and carrying a wand of roots (8) (82% to hit)
The blast of sand hits Terence but does no damage.
Terence hits you from afar with a +0 trident.
Terence barely misses you.
Aiming: Sandblast (safe; 3% risk of failure)
Press: ? - help, Q - select action, (/) - cycle Shift-Dir - straight line, f/p - Terence
Aim: Terence, wielding a +0 trident, wearing a +0 scale mail and carrying a wand of roots (8) (82% to hit)
The blast of sand hits Terence but does no damage.
Terence hits you but does no damage.
Terence hits you from afar with a +0 trident.
Aiming: Sandblast (safe; 3% risk of failure)
Press: ? - help, Q - select action, (/) - cycle Shift-Dir - straight line, f/p - Terence
Aim: Terence, wielding a +0 trident, wearing a +0 scale mail and carrying a wand of roots (8) (82% to hit)
The blast of sand misses Terence.
Terence hits you from afar with a +0 trident!
Ouch! That really hurt!
You die...

. #. .. # #. .#.# # #.
.#.## # #.###....# #
#...@.#..# # #.......# #
#.@..# # #..### ####
#..####.# .#.. #
#.......# .#.# .#
##.###### .#.# ##..# #.#
.#.##....#######.########
..............<.........#
.#..#.....#.#####.......#


You could see Terence.

Vanquished Creatures
  A dart slug (D:1)
  2 bats (D:1)
  An endoplasm (D:1)
  A giant cockroach (D:1)
  A goblin (D:1)
  2 hobgoblins
  A quokka (D:1)
  3 ball pythons (D:1)
  A frilled lizard (D:1)
  A kobold (D:1)
  A rat (D:1)
15 creatures vanquished.

Notes
Turn   | Place    | Note
-------+----------+-------------------------------------------
     0 | D:1      | dracfodder the Gargoyle Earth Elementalist began the quest
                  | for the Orb.
     0 | D:1      | Reached XP level 1. HP: 10/10 MP: 3/3
   225 | D:1      | Reached XP level 2. HP: 15/15 MP: 3/5
   228 | D:1      | Learned a level 2 spell: Passwall
   246 | D:1      | Found Coytse's Antique Weapon Boutique.
   369 | D:1      | Reached skill level 4 in Earth Magic
  1101 | D:2      | Noticed Terence
  1106 | D:2      | Slain by Terence

Illustrated notes

Levels and vault maps discovered:
D:1:      lemuel_arrival_tunnels, layout_loops_cross, serial_shops,
          nicolae_shop_statue_plus, nicolae_kite_square_tiling_tiny
D:2:      layout_loops_cross, uniq_robin, uniq_terence

Skill      XL: |  1  2 |
---------------+-------+-----
Earth Magic    | 4 |  4.2
Ranged Weapons | |  0.3
Dodging        | |  1.5
Stealth        | |  2.2
Spellcasting   | |  2.4
Transmutations | |  0.7

Action                   || total
-------------------------++-------
 Fire: Sling             ||    11
 Cast: Sandblast         ||    21
  Use: Scroll            ||     6
Armor: Robe              ||     1
Dodge: Dodged            ||     1

Table legend: (Time is in decaauts)
 A = Elapsed time spent in this place.
 B = Non-inter-level travel time spent in this place.
 C = Inter-level travel time spent in this place.
 D = Time resting spent in this place.
 E = Time spent auto-exploring this place.
 F = Levels seen in this place.
 G = Mean time per level.
                   A        B        C        D        E       F      G
               +--------+--------+--------+--------+--------+-----+--------+
         Total |   1130 |   1078 |     52 |     38 |    898 |   2 |  565.0 |
       Dungeon |   1130 |   1078 |     52 |     38 |    898 |   2 |  565.0 |
               +--------+--------+--------+--------+--------+-----+--------+

Top non-repeatable levels by time:
     D:1: 1036 daAuts
     D:2: 94 daAuts
